 Dungeon Crawl Stone Soup version 0.28.0-53-g5a82cb258f (webtiles) character file.

Game seed: 9089955858953206796

41 ZappyNine the Sneak (level 3, 0/18 HPs)
             Began as a Vine Stalker Brigand on May 31, 2022.
             Slain by an adder (2 damage)
             ... on level 2 of the Dungeon.
             The game lasted 00:01:41 (1518 turns).

ZappyNine the Sneak (Vine Stalker Brigand)          Turns: 1518, Time: 00:01:42

Health: 0/18       AC:  3    Str: 15    XL:     3   Next: 52%
Magic:  0/4        EV: 11    Int: 11    God:
Gold:   59         SH:  0    Dex: 15    Spells: 2/2 levels left

rFire   . . .      SeeInvis .   j - +2 dagger (pain)
rCold   . . .      Faith    .   (no shield)
rNeg    . . .      Spirit   +   b - +0 robe
rPois   .          Reflect  .   (no helmet)
rElec   .          Harm     .   c - +0 cloak
rCorr   .          Rampage  .   (no gloves)
Will    .....                   (no boots)
Stlth   +++.......              (no amulet)
HPRegen 0.06/turn               (no ring)
MPRegen 0.09/turn               (no ring)

@: lethally poisoned (0 -> -3)
A: fangs 2, magic shield, antimagic bite, no potion heal 2
a: no special abilities


You were on level 2 of the Dungeon.
You visited 1 branch of the dungeon, and saw 2 of its levels.

You collected 59 gold pieces.

Inventory:

Hand Weapons
 a - a +2 dagger
 j - a +2 dagger of pain (weapon)
Missiles
 d - 8 poisoned darts (quivered)
 e - 2 curare-tipped darts
Armour
 b - a +0 robe (worn)
 c - a +0 cloak (worn)
Scrolls
 g - a scroll of summoning {unknown}
 k - a scroll of holy word {unknown}
Potions
 f - 2 potions of curing {unknown}
 h - a potion of attraction {unknown}
 i - 2 potions of haste {unknown}


   Skills:
 + Level 1.9 Fighting
 + Level 1.9 Short Blades
 - Level 1.7 Throwing
 + Level 1.0 Dodging
 * Level 6.2 Stealth


You had 2 spell levels left.
You didn't know any spells.
Your spell library was empty.

Dungeon Overview and Level Annotations

Branches:
Dungeon (2/15)

Altars:


Innate Abilities, Weirdness & Mutations

You have extremely sharp teeth.
When hurt, damage is shared between your health and your magic reserves.
Your bite disrupts and absorbs the magic of your enemies.
Potions cannot restore your health.


Message History

You are too injured to fight recklessly!
You are too injured to fight recklessly!
You are too injured to fight recklessly!
You are too injured to fight recklessly!
You are too injured to fight recklessly!
You are too injured to fight recklessly!
You are too injured to fight recklessly!
You are too injured to fight recklessly!
You are too injured to fight recklessly!
You are too injured to fight recklessly!
You are too injured to fight recklessly!
You are too injured to fight recklessly!
You are too injured to fight recklessly!
You are too injured to fight recklessly!
You are too injured to fight recklessly!
You are too injured to fight recklessly!
You are too injured to fight recklessly!
You are too injured to fight recklessly!
You feel sick.
The quokka bites you but does no damage.
The adder barely misses you.
You feel sick.
You are no longer poisoned.
A quokka comes into view.
The quokka closely misses you.
You hit the quokka.
You kill the quokka!
The adder misses you.
You see here a +0 leather armour.
You hit the adder.
The adder is almost dead.
The adder bites you.
* * * LOW HITPOINT WARNING * * *
You are lethally poisoned!
The adder poisons you!
You completely miss the adder.
The adder is almost dead.
* * * LOW HITPOINT WARNING * * *
You feel sick. The adder bites you.
You die...

....####...#.#
####..##.### #. ....
###...# #..........#...
... #...###............#
## #####..#.....>.......##
#...........$.........#
.....###.#....##†........#
### ##.#.#.##.####..^..#
..<....#S[.# .......
.##..##@#.#.# ##...##
..#..##(.###r.. ...# .#
#..#..#$ ### ..# .. ....##
.# .# ... .# ## #.. ## ##


You could see an adder.

Vanquished Creatures
  4 endoplasms
  2 giant cockroaches (D:1)
  3 goblins
  2 hobgoblins (D:1)
  6 jackals
  3 quokkas
  3 ball pythons (D:1)
  3 bats (D:1)
  A frilled lizard (D:1)
  5 kobolds (D:1)
  4 rats (D:1)
36 creatures vanquished.

Notes
Turn   | Place    | Note
-------+----------+-------------------------------------------
     0 | D:1      | ZappyNine the Vine Stalker Brigand began the quest for the
                  | Orb.
     0 | D:1      | Reached XP level 1. HP: 11/11 MP: 2/2
    32 | D:1      | Reached skill level 5 in Stealth
   217 | D:1      | Reached XP level 2. HP: 15/15 MP: 3/3
   725 | D:1      | Found a faded altar of an unknown god.
   892 | D:1      | Reached skill level 6 in Stealth
   892 | D:1      | Reached XP level 3. HP: 18/18 MP: 4/4
  1392 | D:2      | Reached skill level 1 in Dodging
  1518 | D:2      | Slain by an adder

Illustrated notes

Levels and vault maps discovered:
D:1:      lightli_arrival_isolated_outpost, layout_basic,
          ebering_ecumenical_altar_webs
D:2:      layout_rooms, minmay_pentomino_pile, uniq_natasha, uniq_sigmund

Skill      XL: |  1  2  3 |
---------------+----------+-----
Stealth        | 5 6 |  6.2
Dodging        | 1 |  1.0
Fighting       | |  1.9
Short Blades   | |  1.9
Throwing       | |  1.7

Action                   || total
-------------------------++-------
Melee: Dagger            ||    89
       Bite              ||    17
       Punch             ||     2
 Stab: Sleeping          ||    10
Armor: Robe              ||    27
Dodge: Dodged            ||    61
